[Event "Titled Tuesday Blitz July 4 Late 2023"]
[White "Cooper, Aaron"]
[Black "Herman, Daniel"]
[WhiteFideId "2634945"]
[BlackFideId "30935008"]
[WhiteElo "2212"]
[BlackElo "2418"]
[Result "1-0"]
[Round "6"]
[TimeControl "180+2"]
[Date "2023.07.04"]
[WhiteClock "0:00:04"]
[BlackClock "0:00:00"]
[Board "121"]

1. e4 c6 2. d4 d5 3. exd5 cxd5 4. Bd3 Nc6 5. c3 Nf6 6. Bf4 Bg4 7. Qb3 Qc8 8. Nd2 e6 9. Ngf3 Be7 10. O-O O-O 11. Rae1 Bh5 12. Ne5 Nxe5 13. dxe5 Nd7 14. Qc2 Bg6 15. Nf3 Bxd3 16. Qxd3 Nc5 17. Qc2 Ne4 18. h4 b5 19. Bg5 Qd8 20. Qc1 Rc8 21. Bxe7 Qxe7 22. Qe3 b4 23. cxb4 Qxb4 24. Re2 a5 25. Ng5 Nxg5 26. Qxg5 Rc4 27. f4 h6 28. Qg4 d4 29. Rf3 Kh7 30. Rg3 g6 31. h5 Rg8 32. Qh4 d3 33. hxg6+ Rxg6 34. Rxg6 fxg6 35. Rf2 d2 36. Rxd2 Rc7 37. Rd6 Qe4 38. Rxe6 Qe3+ 39. Kh2 1-0


[Site "https://www.chess.com"]

[Event "Titled Tuesday Blitz July 4 Late 2023"]
[White "Castella Garcia, Fausto"]
[Black "Osmonbekov, Talaibek"]
[WhiteFideId "3501922"]
[BlackFideId "2017253"]
[WhiteElo "2415"]
[BlackElo "2157"]
[Result "0-1"]
[Round "6"]
[TimeControl "180+2"]
[Date "2023.07.04"]
[WhiteClock "0:00:10"]
[BlackClock "0:00:39"]
[Board "122"]

1. e4 c5 2. Nf3 d6 3. d4 cxd4 4. Nxd4 Nf6 5. Nc3 g6 6. f4 Nbd7 7. Bd3 Bg7 8. O-O O-O 9. Nf3 a6 10. Qe1 b5 11. Qh4 Qb6+ 12. Kh1 Qc5 13. f5 Re8 14. Bh6 Bh8 15. Rae1 Bb7 16. Ng5 Rac8 17. fxg6 hxg6 18. Nd5 Bxd5 19. exd5 Ne5 20. Bf8 Qxd5 21. Rxf6 exf6 22. Qh7+ Kxf8 23. Qxh8+ Ke7 24. Qh4 fxg5 25. Qxg5+ Kd7 26. Be4 Qe6 27. Rd1 Nc4 0-1


[Site "https://www.chess.com"]

[Event "Titled Tuesday Blitz July 4 Late 2023"]
[White "Sailer, Mike"]
[Black "Mendez Machado, Andre"]
[WhiteFideId "2012901"]
[BlackFideId "6603793"]
[WhiteElo "2144"]
[BlackElo "2262"]
[Result "1/2-1/2"]
[Round "6"]
[TimeControl "180+2"]
[Date "2023.07.04"]
[WhiteClock "0:00:07"]
[BlackClock "0:00:04"]
[Board "123"]

1. d4 Nf6 2. Nc3 d5 3. Bf4 e6 4. Nb5 Na6 5. e3 Be7 6. Nf3 O-O 7. Be2 c5 8. h3 Ne4 9. O-O c4 10. a4 Bd7 11. Ne5 Bxb5 12. axb5 Nc7 13. b6 axb6 14. Rxa8 Nxa8 15. Qa1 Nd6 16. Qa7 b5 17. Ra1 Nb6 18. f3 Na4 19. b3 Nc3 20. Bf1 g5 21. Bg3 Nf5 22. Bf2 Qc8 23. g4 Nd6 24. Be1 b4 25. bxc4 dxc4 26. Bxc3 bxc3 27. Ra5 f5 28. Rc5 Qd8 29. Bxc4 Nxc4 30. Rxc4 fxg4 31. hxg4 Bd6 32. Qxb7 Bxe5 33. dxe5 Qd1+ 34. Kg2 Qe2+ 35. Kg3 Qxc4 36. Qe7 h6 37. f4 Qe4 38. f5 Qxe5+ 39. Kh3 Qxe3+ 40. Kh2 Qd2+ 41. Kh3 exf5 42. Qe6+ Kg7 43. Qe7+ Rf7 44. Qe5+ Kf8 45. Qc5+ Ke8 46. Qc8+ Qd8 47. Qe6+ Re7 48. Qg8+ Kd7 49. Qd5+ Kc8 50. Qc6+ Rc7 51. Qa8+ Kd7 52. Qd5+ Ke7 53. Qe5+ Kf8 54. Qh8+ Ke7 55. Qe5+ Kd7 56. Qxf5+ Kc6 57. Qe4+ Qd5 58. Qe8+ Kb6 59. Qb8+ Qb7 60. Qd8 Qf3+ 61. Kh2 Qxg4 62. Qd6+ Kb7 63. Qd5+ Kc8 64. Qa8+ Kd7 65. Qd5+ Ke7 66. Qe5+ Kd7 67. Qd5+ Kc8 68. Qa8+ Kd7 69. Qd5+ 1/2-1/2


[Site "https://www.chess.com"]

[Event "Titled Tuesday Blitz July 4 Late 2023"]
[White "Pasti, Aron"]
[Black "Curtis, John"]
[WhiteFideId "785857"]
[BlackFideId "3200256"]
[WhiteElo "2540"]
[BlackElo "2124"]
[Result "0-1"]
[Round "6"]
[TimeControl "180+2"]
[Date "2023.07.04"]
[WhiteClock "0:00:02"]
[BlackClock "0:01:00"]
[Board "124"]

1. e4 c5 2. d4 cxd4 3. c3 Nf6 4. e5 Nd5 5. cxd4 d6 6. Nf3 Nc6 7. Bc4 dxe5 8. dxe5 e6 9. O-O Be7 10. Nc3 Nxc3 11. Qxd8+ Bxd8 12. bxc3 Ba5 13. Bb2 O-O 14. Rac1 Rd8 15. Ba3 Bc7 16. Rfe1 b6 17. Bb5 Bb7 18. Bxc6 Bxc6 19. Nd4 Ba4 20. Kf1 Rd5 21. Be7 Rxe5 22. Rxe5 Bxe5 23. Nf3 Bf6 24. Bxf6 gxf6 25. Ke2 Rc8 26. Kd3 Bc6 27. Ke3 Bxf3 28. Kxf3 Kf8 29. Ke3 Rc4 30. Kd3 b5 31. Rb1 a6 32. Rb3 Ra4 33. Rb2 Rg4 34. f3 Ra4 35. Kc2 Ke7 36. Kb3 h5 37. Rd2 h4 38. Re2 f5 39. g3 hxg3 40. hxg3 f6 41. Rh2 f4 42. g4 e5 43. Rh7+ Ke6 44. Rh6 Kf7 45. Rh7+ Kg6 46. Ra7 Kg5 47. Rh7 e4 48. Rh5+ Kg6 49. fxe4 Rxe4 50. Rf5 f3 51. Rxf3 Rxg4 52. Rd3 Ra4 53. Rd6 Kg5 54. c4 Rxc4 55. Rxa6 f5 56. Rb6 Rc5 57. Kb4 Re5 58. Rb8 f4 59. Rg8+ Kf5 60. Kc3 Ke4 61. Kd2 Kf3 62. Rf8 Rd5+ 63. Ke1 Rd4 64. Rb8 Ra4 65. Rxb5 Rxa2 66. Rb3+ Kg2 67. Rb8 Ra1+ 68. Ke2 f3+ 69. Ke3 Ra3+ 70. Kd2 f2 71. Rg8+ Rg3 0-1


[Site "https://www.chess.com"]

[Event "Titled Tuesday Blitz July 4 Late 2023"]
[White "Dinosaurio_1975"]
[Black "Svicevic, Rastko"]
[BlackFideId "916315"]
[WhiteElo "2539"]
[BlackElo "2355"]
[Result "1-0"]
[Round "6"]
[TimeControl "180+2"]
[Date "2023.07.04"]
[WhiteClock "0:02:32"]
[BlackClock "0:01:37"]
[Board "125"]

1. e4 c5 2. Nf3 d6 3. Bb5+ Bd7 4. Bxd7+ Qxd7 5. O-O Nc6 6. Re1 e6 7. c3 d5 8. e5 Nge7 9. d4 Nf5 10. Na3 cxd4 11. cxd4 Bxa3 12. bxa3 O-O 13. g4 Nfe7 14. Qd3 Na5 15. h4 a6 16. Ng5 h6 17. Qh7# 1-0


[Site "https://www.chess.com"]

[Event "Titled Tuesday Blitz July 4 Late 2023"]
[White "Coelho, Ramyres Santana"]
[Black "Sadovsky, Artem"]
[WhiteFideId "2120690"]
[BlackFideId "4155840"]
[WhiteElo "2303"]
[BlackElo "2526"]
[Result "0-1"]
[Round "6"]
[TimeControl "180+2"]
[Date "2023.07.04"]
[WhiteClock "0:00:16"]
[BlackClock "0:00:52"]
[Board "126"]

1. e4 d5 2. exd5 Qxd5 3. Nc3 Qe5+ 4. Qe2 Qxe2+ 5. Bxe2 c6 6. d4 Bf5 7. Bd3 Bxd3 8. cxd3 e6 9. Bf4 Nd7 10. O-O-O Ngf6 11. Nf3 Be7 12. Ne4 O-O 13. h3 Rfd8 14. Ne5 Nb6 15. Nc5 Rxd4 16. Be3 Bxc5 17. Bxd4 Bxd4 18. Nc4 Bxf2 19. Nxb6 axb6 20. Kb1 Bd4 21. g4 Nd5 22. h4 Ra5 23. Rd2 Ne3 24. g5 Rf5 25. a3 b5 26. Ka2 Kf8 27. Rh3 Ke7 28. Re2 Nd5 29. Rg3 Rf1 30. h5 g6 31. hxg6 hxg6 32. Rc2 Be5 33. Rh3 Rg1 34. Rd2 Rxg5 35. d4 Bg7 36. a4 bxa4 37. Ka3 b5 38. Rc2 Kd7 39. Rh7 Bf8+ 40. b4 axb3+ 41. Kxb3 Rg3+ 42. Kb2 Ba3+ 43. Kb1 Nc3+ 44. Rxc3 Rxc3 45. Rxf7+ Kd6 46. Rf6 Bb4 47. Rxg6 Rc4 48. Rg4 Bc3 49. Ka2 Bxd4 50. Rg8 Rc2+ 51. Kb3 Rb2+ 52. Ka3 Kc5 53. Rg5+ Kc4 54. Rg2 b4+ 55. Ka4 Rxg2 0-1


[Site "https://www.chess.com"]

[Event "Titled Tuesday Blitz July 4 Late 2023"]
[White "Kostiukov, Alexandr"]
[Black "Poeta, Caio Medeiros"]
[WhiteFideId "14108100"]
[BlackFideId "2142660"]
[WhiteElo "2297"]
[BlackElo "2490"]
[Result "1-0"]
[Round "6"]
[TimeControl "180+2"]
[Date "2023.07.04"]
[WhiteClock "0:01:29"]
[BlackClock "0:01:26"]
[Board "127"]

1. g3 e5 2. Bg2 d5 3. d3 Nf6 4. e4 Nc6 5. exd5 Nxd5 6. Nc3 Bb4 7. Ne2 O-O 8. O-O Be6 9. Bd2 Bc5 10. Nxd5 Bxd5 11. Bxd5 Qxd5 12. Nc3 Qd7 13. Be3 Be7 14. Qd2 f5 15. f4 Rad8 16. Rae1 e4 17. Rd1 Qe6 18. d4 Qf7 19. Qe2 Nb4 20. a3 Nd5 21. Nxd5 Qxd5 22. c4 Qa5 23. Qd2 Qa4 24. Qc3 Bf6 25. Qb4 Qc2 26. Rd2 a5 27. Qxf8+ 1-0


[Site "https://www.chess.com"]

[Event "Titled Tuesday Blitz July 4 Late 2023"]
[White "a-z30"]
[Black "CarolinaLujan"]
[WhiteElo "2476"]
[BlackElo "2298"]
[Result "1-0"]
[Round "6"]
[TimeControl "180+2"]
[Date "2023.07.04"]
[WhiteClock "0:00:09"]
[BlackClock "0:00:08"]
[Board "128"]

1. d3 d5 2. Nf3 g6 3. g3 Bg7 4. Bg2 e5 5. O-O Ne7 6. Nbd2 O-O 7. c4 c6 8. Rb1 h6 9. b4 Be6 10. b5 Qd7 11. Bb2 d4 12. Ne4 b6 13. Ba3 cxb5 14. Rxb5 Nbc6 15. Qb1 Bh3 16. Bxh3 Qxh3 17. Bxe7 Nxe7 18. a4 f5 19. Ned2 f4 20. Ne4 fxg3 21. hxg3 Qe6 22. a5 bxa5 23. Rxa5 Rf7 24. Qa2 Nc6 25. Ra6 Qd7 26. Qa4 Rc8 27. Rb1 Qc7 28. Ra1 g5 29. Kg2 g4 30. Nh4 Qb7 31. c5 Qc7 32. Nd6 Rf6 33. Nxc8 Qxc8 34. Qb5 e4 35. dxe4 d3 36. Qxd3 Qf8 37. Qe3 Ne5 38. Rxf6 Qxf6 39. Nf5 Bf8 40. c6 Nxc6 41. Rd1 Ne5 42. Qf4 Ng6 43. Qc7 a5 44. Qc4+ Kh8 45. Rd7 Ne5 46. Qd5 Nxd7 47. Qxd7 a4 48. Qd5 a3 49. Qc4 Kh7 50. Ne3 Bg7 51. Qd5 a2 52. Qxa2 Qe5 53. Qd5 Bf6 54. Qxe5 Bxe5 55. Nxg4 Bd6 56. Ne3 Be7 57. Nf1 h5 58. f3 Kg6 59. Nh2 Kg5 60. Nf1 Bd6 61. e3 Bc5 62. f4+ Kg4 63. Nh2# 1-0


[Site "https://www.chess.com"]

[Event "Titled Tuesday Blitz July 4 Late 2023"]
[White "Saucey, Michel"]
[Black "Buchenau, Frank"]
[WhiteFideId "601845"]
[BlackFideId "4604350"]
[WhiteElo "2280"]
[BlackElo "2423"]
[Result "1-0"]
[Round "6"]
[TimeControl "180+2"]
[Date "2023.07.04"]
[WhiteClock "0:00:02"]
[BlackClock "0:00:00"]
[Board "129"]

1. d4 e6 2. c4 Nf6 3. Nf3 b6 4. g3 Bb7 5. Bg2 Be7 6. O-O O-O 7. Re1 a5 8. d5 exd5 9. Nh4 c6 10. cxd5 Nxd5 11. Nf5 Bb4 12. Bd2 Re8 13. e4 Ne7 14. Bxb4 Nxf5 15. Ba3 Ne7 16. Bd6 c5 17. Nc3 Nc8 18. Nb5 Na6 19. e5 Bc6 20. a4 Nxd6 21. Nxd6 Rf8 22. Bxc6 dxc6 23. Qf3 Nb4 24. Rad1 Nc2 25. Re4 Nd4 26. Qe3 Qe7 27. f4 Qe6 28. Rf1 Nf5 29. Nxf5 Qxf5 30. Qf3 Rad8 31. g4 Qe6 32. f5 Qd5 33. f6 Qd2 34. fxg7 Kxg7 35. Qf6+ Kg8 36. Ref4 Rde8 37. Qg5+ Kh8 38. Qf6+ Kg8 39. Rf5 Re6 40. Rg5+ 1-0


[Site "https://www.chess.com"]

[Event "Titled Tuesday Blitz July 4 Late 2023"]
[White "texie1"]
[Black "micke12a"]
[WhiteElo "2420"]
[BlackElo "2369"]
[Result "1/2-1/2"]
[Round "6"]
[TimeControl "180+2"]
[Date "2023.07.04"]
[WhiteClock "0:00:49"]
[BlackClock "0:00:04"]
[Board "130"]

1. Nf3 Nf6 2. c4 g6 3. b3 Bg7 4. Bb2 O-O 5. d3 c6 6. e4 d5 7. e5 Nfd7 8. Qe2 e6 9. g3 c5 10. Nfd2 Nc6 11. f4 b6 12. Bg2 Bb7 13. O-O dxc4 14. dxc4 Qc7 15. Nf3 Rad8 16. Nc3 a6 17. Ne4 Ne7 18. Nd6 Ba8 19. Rad1 Nf5 20. g4 Nxd6 21. exd6 Qb8 22. Bxg7 Kxg7 23. Qb2+ Kg8 24. Ng5 Bxg2 25. Kxg2 h6 26. Ne4 f5 27. gxf5 exf5 28. Ng3 Nf6 29. Qe5 Qb7+ 30. Kh3 Rde8 31. Qc3 Qd7 32. Rd2 Ne4 33. Nxe4 fxe4+ 34. Kg2 e3 35. Rb2 Qg4+ 36. Kh1 Rxf4 37. Rg1 Qf3+ 38. Rbg2 Rg4 39. d7 Rd8 40. Qe5 Rxg2 41. Rxg2 Qf1+ 42. Rg1 Qf3+ 43. Rg2 Qd1+ 44. Rg1 Qf3+ 45. Rg2 1/2-1/2


[Site "https://www.chess.com"]

[Event "Titled Tuesday Blitz July 4 Late 2023"]
[White "Campos, Maria Jose"]
[Black "Guimaraes, Wagner Peixoto"]
[WhiteFideId "146803"]
[BlackFideId "2100940"]
[WhiteElo "2381"]
[BlackElo "2264"]
[Result "1/2-1/2"]
[Round "6"]
[TimeControl "180+2"]
[Date "2023.07.04"]
[WhiteClock "0:01:35"]
[BlackClock "0:00:28"]
[Board "131"]

1. c4 c5 2. g3 Nc6 3. Bg2 g6 4. Nc3 Bg7 5. Nf3 Nf6 6. d3 O-O 7. a3 d5 8. cxd5 Nxd5 9. Bd2 Nc7 10. O-O b6 11. Qa4 Bd7 12. Rab1 Ne6 13. Qd1 Rc8 14. Be3 Ncd4 15. Nd2 Nf5 16. Nc4 b5 17. Nd2 Nxe3 18. fxe3 Bh6 19. e4 Nd4 20. Nf3 Bg4 21. Nd5 e6 22. Nf4 Bxf3 23. Bxf3 Bxf4 24. gxf4 Qh4 25. Qd2 Rfd8 26. Qe3 Nc2 27. Qf2 Qxf4 28. Bg2 Qxf2+ 29. Kxf2 Nd4 30. Rfc1 e5 31. Rc3 Rd6 32. Rbc1 Rdc6 33. Bh3 R8c7 34. e3 Ne6 35. Bxe6 fxe6 36. d4 exd4 37. exd4 c4 38. Rf3 Rf7 39. Rxf7 Kxf7 40. Ke3 Ke7 41. Rf1 a5 42. d5 Rc8 43. Kd4 exd5 44. exd5 b4 45. axb4 axb4 46. Rf3 c3 47. bxc3 bxc3 48. Rxc3 Rxc3 49. Kxc3 Kd6 50. Kd4 g5 51. Ke4 h5 52. Kf5 Kxd5 53. Kxg5 Ke6 54. Kxh5 Kf7 55. Kh6 Kg8 56. Kg6 Kh8 57. h4 Kg8 58. h5 Kh8 59. h6 Kg8 60. h7+ Kh8 61. Kh6 1/2-1/2


[Site "https://www.chess.com"]

[Event "Titled Tuesday Blitz July 4 Late 2023"]
[White "SicilianPanzer"]
[Black "Cooklev, Steven"]
[BlackFideId "2050552"]
[WhiteElo "2244"]
[BlackElo "2373"]
[Result "0-1"]
[Round "6"]
[TimeControl "180+2"]
[Date "2023.07.04"]
[WhiteClock "0:00:01"]
[BlackClock "0:00:11"]
[Board "132"]

1. Nf3 d5 2. g3 Nf6 3. Bg2 c6 4. O-O Bg4 5. c4 e6 6. cxd5 exd5 7. d3 Nbd7 8. Nc3 Bc5 9. Qc2 O-O 10. e4 Bxf3 11. Bxf3 Ne5 12. Be2 Bd4 13. Kg2 dxe4 14. dxe4 Qe7 15. f4 Bxc3 16. bxc3 Ned7 17. Bf3 Rfe8 18. Rb1 Nb6 19. e5 Nfd5 20. c4 Qc5 21. Rf2 Nxc4 22. Kg1 b5 23. f5 Rxe5 24. Bb2 Re3 25. Bxd5 Qxd5 26. f6 Rae8 27. Rbf1 g6 28. Bc1 R3e4 29. Qc3 Ne5 30. Bf4 Rc4 31. Qa3 Ng4 32. Rf3 Qd4+ 33. Kg2 Rc2+ 34. Kh3 Rxh2+ 35. Kxg4 Qd7+ 36. Kg5 Qf5# 0-1


[Site "https://www.chess.com"]

[Event "Titled Tuesday Blitz July 4 Late 2023"]
[White "Sanchez, Robert"]
[Black "BenchGM"]
[WhiteFideId "2034360"]
[WhiteElo "2199"]
[BlackElo "2371"]
[Result "0-1"]
[Round "6"]
[TimeControl "180+2"]
[Date "2023.07.04"]
[WhiteClock "0:01:25"]
[BlackClock "0:02:03"]
[Board "133"]

1. e4 e6 2. d4 d5 3. Nc3 Nf6 4. e5 Nfd7 5. f4 c5 6. Nf3 Nc6 7. Be3 Be7 8. Be2 O-O 9. O-O f6 10. exf6 Nxf6 11. Ne5 Qc7 12. Nb5 Qb6 13. c3 a6 14. Qa4 Ne4 15. Rab1 Nxe5 16. fxe5 Bd7 17. Rxf8+ Rxf8 0-1


[Site "https://www.chess.com"]

[Event "Titled Tuesday Blitz July 4 Late 2023"]
[White "Santos, Rafael Ventura Dos"]
[Black "Mangialardo, Tiago Carvalho"]
[WhiteFideId "2122227"]
[BlackFideId "2130718"]
[WhiteElo "2272"]
[BlackElo "2120"]
[Result "1-0"]
[Round "6"]
[TimeControl "180+2"]
[Date "2023.07.04"]
[WhiteClock "0:00:33"]
[BlackClock "0:00:00"]
[Board "134"]

1. d4 Nf6 2. c4 c5 3. d5 g6 4. Nc3 Bg7 5. e4 d6 6. Nge2 O-O 7. Ng3 e6 8. f3 exd5 9. cxd5 h5 10. Be2 h4 11. Nf1 Nh5 12. Be3 a6 13. a4 f5 14. Qd2 f4 15. Bf2 Qg5 16. Rg1 Nd7 17. g4 hxg3 18. hxg3 Ne5 19. gxf4 Qxf4 20. Qxf4 Nxf4 21. Nh2 Ned3+ 22. Bxd3 Nxd3+ 23. Ke2 Nxb2 24. Rgc1 Nc4 25. Bg3 Bd7 26. a5 Ne5 27. f4 Ng4 28. Kd3 Rae8 29. Rab1 Bxc3 30. Rxc3 Nxh2 31. Bxh2 g5 32. Rxb7 Re7 33. f5 Rf6 34. Rc2 Rh6 35. Rg2 Rh3+ 36. Kd2 Kh7 37. Re2 g4 38. Bf4 g3 39. Rg2 Rh2 40. Rxh2+ gxh2 41. Bxh2 Rxe4 42. Rxd7+ Kh6 43. Rxd6+ Kg5 44. f6 Rd4+ 45. Kc3 Rd1 46. f7 Rf1 47. Rd7 Kg6 48. Bd6 Rf2 49. f8=Q 1-0


[Site "https://www.chess.com"]

[Event "Titled Tuesday Blitz July 4 Late 2023"]
[White "Rodrigue-Lemieux, Shawn"]
[Black "Biliy, Vadim"]
[WhiteFideId "2620049"]
[BlackFideId "14114127"]
[WhiteElo "2917"]
[BlackElo "2223"]
[Result "1-0"]
[Round "6"]
[TimeControl "180+2"]
[Date "2023.07.04"]
[WhiteClock "0:00:07"]
[BlackClock "0:00:06"]
[Board "135"]

1. h3 d5 2. g3 Nf6 3. f3 e6 4. e3 Be7 5. d3 c5 6. c3 Nc6 7. b3 b6 8. a3 Bb7 9. Ra2 e5 10. Rhh2 e4 11. f4 exd3 12. Bxd3 Qc7 13. Rhb2 g6 14. Nf3 Ne4 15. Rg2 Rd8 16. Kf1 h5 17. h4 Bf6 18. Bb2 Bc8 19. Kg1 Bh3 20. Rc2 Bg4 21. Kg2 O-O 22. Be2 Ne7 23. Qg1 Nf5 24. Nbd2 Nexg3 25. Bd1 Ne4 26. c4 Nxd2 27. Bxf6 Ne4 28. Bxd8 Qxd8 29. Kh2 Nxh4 30. Ne5 Bxd1 31. Qxd1 Nf5 32. Qe1 dxc4 33. bxc4 Qf6 34. Nd7 Qe6 35. Nxf8 Kxf8 36. Rg2 Nf6 37. e4 Nxe4 38. Rae2 Nfd6 39. Qh4 Qxc4 40. f5 Qd5 41. fxg6 Qe5+ 42. Kh1 fxg6 43. Rxg6 Ng3+ 44. Qxg3 Qxe2 45. Qxd6+ Kf7 46. Rf6+ Kg7 47. Qf8+ Kh7 48. Rh6# 1-0


[Site "https://www.chess.com"]

[Event "Titled Tuesday Blitz July 4 Late 2023"]
[White "Ferriz Barrios, Andres"]
[Black "Boyer, Mahel"]
[WhiteFideId "5104467"]
[BlackFideId "45102422"]
[WhiteElo "2183"]
[BlackElo "2679"]
[Result "0-1"]
[Round "6"]
[TimeControl "180+2"]
[Date "2023.07.04"]
[WhiteClock "0:02:18"]
[BlackClock "0:02:42"]
[Board "136"]

1. d4 Nc6 2. d5 Nb8 3. Nf3 g6 4. e4 Bg7 5. c4 d6 6. Nc3 Na6 7. Be3 Nf6 8. Bd3 O-O 9. Bc2 c6 10. O-O Bg4 11. Rc1 Nd7 12. h3 Bxf3 13. Qxf3 Rc8 14. Qe2 Qa5 15. Bb3 Nac5 16. Bd2 Qa6 17. dxc6 bxc6 18. Be3 Rb8 19. Bd1 Ne5 20. b3 Ned3 21. Rc2 Nb4 22. Bxc5 Nxc2 23. Qxc2 dxc5 24. Na4 Bd4 25. Bf3 e5 26. Kh1 f5 27. exf5 gxf5 28. Bh5 Kh8 29. f4 e4 30. Rd1 Qc8 31. Qd2 Qe6 32. Qa5 Qe7 33. Be2 Rbd8 34. Qe1 Rg8 35. g4 fxg4 36. Bxg4 e3 37. Qe2 Qh4 38. Qf3 Rde8 39. Kg2 e2 0-1


[Site "https://www.chess.com"]

[Event "Titled Tuesday Blitz July 4 Late 2023"]
[White "Djordjevic, Dejan N"]
[Black "Palencia Morales, Wilson Guillermo"]
[WhiteFideId "913316"]
[BlackFideId "4401859"]
[WhiteElo "2170"]
[BlackElo "2532"]
[Result "0-1"]
[Round "6"]
[TimeControl "180+2"]
[Date "2023.07.04"]
[WhiteClock "0:01:09"]
[BlackClock "0:02:02"]
[Board "137"]

1. e4 c5 2. Nc3 Nc6 3. g3 g6 4. Bg2 Bg7 5. Nge2 d6 6. O-O e5 7. h3 Nge7 8. d3 O-O 9. f4 Rb8 10. Be3 Nd4 11. g4 exf4 12. Nxf4 b5 13. Ncd5 Nxd5 14. Nxd5 Be6 15. c3 Nc6 16. Nf4 b4 17. Qd2 bxc3 18. bxc3 Qa5 19. Rfc1 Ne5 20. Rc2 Qa3 21. Rf1 Bd7 22. Nd5 Ba4 23. Rfc1 Bxc2 24. Rxc2 c4 25. d4 Nd3 26. Bf1 Rb1 27. Kg2 Ne1+ 28. Kf2 Nxc2 0-1


[Site "https://www.chess.com"]

[Event "Titled Tuesday Blitz July 4 Late 2023"]
[White "Liu, Casper"]
[Black "Hartikainen, Jarmo"]
[WhiteFideId "1454153"]
[BlackFideId "503134"]
[WhiteElo "2473"]
[BlackElo "2163"]
[Result "1-0"]
[Round "6"]
[TimeControl "180+2"]
[Date "2023.07.04"]
[WhiteClock "0:01:29"]
[BlackClock "0:00:07"]
[Board "138"]

1. b4 g6 2. Bb2 Nf6 3. g4 h6 4. Nf3 Bg7 5. h4 d6 6. Bh3 e5 7. Rg1 c6 8. d4 e4 9. Nfd2 d5 10. c4 Be6 11. Nc3 Qd7 12. cxd5 cxd5 13. Rc1 Nc6 14. Nb3 b6 15. a3 Rd8 16. e3 h5 17. Qc2 hxg4 18. Bf1 O-O 19. Bb5 Rc8 20. Ne2 Qd6 21. Bxc6 Bd7 22. b5 Nh5 23. a4 f5 24. Qd2 f4 25. exf4 Nxf4 26. Nxf4 Rxf4 27. Bc3 e3 28. fxe3 Re4 29. Bb4 Qe6 30. Rg3 Re8 31. Bxd7 Qxd7 32. Kd1 Bh6 33. Rc3 Qe7 34. Bxe7 R8xe7 35. Rc6 Bxe3 36. Qb4 Bxd4 37. Rxg6+ Kh7 38. R6xg4 Re1+ 39. Qxe1 Rxe1+ 40. Kxe1 Bc3+ 41. Rxc3 d4 42. Rc7+ 1-0


[Site "https://www.chess.com"]

[Event "Titled Tuesday Blitz July 4 Late 2023"]
[White "Vila Dupla, Aurelio"]
[Black "Vega Gutierrez, Sabrina"]
[WhiteFideId "2203383"]
[BlackFideId "2219026"]
[WhiteElo "2162"]
[BlackElo "2402"]
[Result "1-0"]
[Round "6"]
[TimeControl "180+2"]
[Date "2023.07.04"]
[WhiteClock "0:00:14"]
[BlackClock "0:00:00"]
[Board "139"]

1. Nf3 d5 2. d4 e6 3. c4 c6 4. cxd5 exd5 5. Nc3 Bd6 6. Bg5 Ne7 7. e3 f6 8. Bh4 Nf5 9. Bg3 Nxg3 10. hxg3 Nd7 11. Bd3 Nf8 12. Qc2 g6 13. O-O-O f5 14. Kb1 Be6 15. Ne5 Qf6 16. f4 Qe7 17. Na4 Bxe5 18. fxe5 Nd7 19. Rc1 h5 20. Nc5 Nxc5 21. Qxc5 Qxc5 22. Rxc5 Kd7 23. b4 a6 24. a4 Ke7 25. b5 axb5 26. axb5 Bd7 27. bxc6 bxc6 28. Rc2 Rhb8+ 29. Rb2 Ke6 30. Rc1 Rxb2+ 31. Kxb2 Rb8+ 32. Kc3 Rh8 33. Rh1 Ra8 34. Rb1 Ra3+ 35. Rb3 Ra2 36. Rb2 Ra1 37. Rb1 Ra5 38. Rb7 Ra8 39. Rb6 Rh8 40. Rb1 Ke7 41. Rh1 Rc8 42. Kb4 Rb8+ 43. Kc3 c5 44. dxc5 Ke6 45. Rb1 Rxb1 46. Bxb1 Kxe5 47. Bd3 Bc6 48. Kb4 g5 49. Ka5 f4 50. exf4+ gxf4 51. gxf4+ Kxf4 52. Kb6 Be8 53. c6 Ke3 54. c7 Bd7 55. Bb5 Bc8 56. Be8 d4 57. Bxh5 Kf2 58. Bf3 1-0


[Site "https://www.chess.com"]

[Event "Titled Tuesday Blitz July 4 Late 2023"]
[White "Urbina Perez, Juan Antonio"]
[Black "Torres Dominguez, David"]
[WhiteFideId "2217368"]
[BlackFideId "2220857"]
[WhiteElo "2391"]
[BlackElo "2151"]
[Result "1-0"]
[Round "6"]
[TimeControl "180+2"]
[Date "2023.07.04"]
[WhiteClock "0:01:21"]
[BlackClock "0:00:00"]
[Board "140"]

1. e4 e5 2. Nf3 Nc6 3. Bb5 Nge7 4. O-O g6 5. c3 Bg7 6. d4 O-O 7. d5 a6 8. Bd3 Na7 9. d6 cxd6 10. Bc4 d5 11. Bxd5 Nxd5 12. Qxd5 d6 13. Rd1 Be6 14. Qxd6 Qxd6 15. Rxd6 Rfd8 16. Rxd8+ Rxd8 17. Nbd2 f5 18. Kf1 fxe4 19. Nxe4 Bc4+ 20. Ke1 Nb5 21. Be3 h6 22. Nfd2 Bd5 23. f3 Nd6 24. Nc5 Nf5 25. Bf2 Rc8 26. Nce4 Bc6 27. Rd1 Rd8 28. Nc4 Rxd1+ 29. Kxd1 b5 30. Ne3 Nxe3+ 31. Bxe3 Bd5 32. b3 Kf7 33. Kd2 Bf8 34. Kd3 Be7 35. c4 1-0


[Site "https://www.chess.com"]

[Event "Titled Tuesday Blitz July 4 Late 2023"]
[White "campochess"]
[Black "Arnold, Ken"]
[BlackFideId "2056836"]
[WhiteElo "2130"]
[BlackElo "2388"]
[Result "0-1"]
[Round "6"]
[TimeControl "180+2"]
[Date "2023.07.04"]
[WhiteClock "0:00:03"]
[BlackClock "0:00:16"]
[Board "141"]

1. Nf3 d5 2. c4 e6 3. d4 Nf6 4. Nc3 Be7 5. g3 c6 6. b3 O-O 7. Bg2 b6 8. O-O Bb7 9. Re1 Nbd7 10. Bf4 c5 11. Ne5 Nxe5 12. dxe5 Ne4 13. Nxe4 dxe4 14. Qc2 g5 15. Rad1 Qc7 16. Bc1 Qc6 17. f3 Rad8 18. fxe4 Rxd1 19. Rxd1 Rd8 20. Rd3 Rxd3 21. exd3 Qc7 22. Bb2 Qd8 23. Bf1 h6 24. Qe2 Bf8 25. Qg4 Bg7 26. h4 gxh4 27. gxh4 Bc6 28. Kh1 Kh7 29. h5 Qg5 30. Be2 Qd2 31. Ba3 Bxe5 32. Qf3 Be8 33. d4 Bxd4 34. Qf1 Qg5 35. Bc1 Qh4+ 36. Kg2 Be5 37. Qf3 Qh2+ 38. Kf1 f6 39. Qe3 Qh1+ 40. Kf2 Qh4+ 41. Kf1 Qg5 42. Qxg5 hxg5 43. Kf2 Kh6 44. Kf3 Bxh5+ 45. Ke3 Bxe2 46. Kxe2 Kg6 47. Kf3 f5 48. Bd2 g4+ 49. Ke3 f4+ 50. Ke2 Kg5 51. b4 Bd4 52. b5 e5 53. a4 Kh4 54. a5 f3+ 55. Kd3 g3 56. axb6 axb6 57. Ba5 f2 58. Ke2 g2 59. Bxb6 f1=Q+ 60. Kd2 g1=Q 0-1


[Site "https://www.chess.com"]

[Event "Titled Tuesday Blitz July 4 Late 2023"]
[White "Bochnicka, Vladimir"]
[Black "Fernandez Bustamante, Leancy B."]
[WhiteFideId "14943450"]
[BlackFideId "3523870"]
[WhiteElo "2376"]
[BlackElo "2111"]
[Result "1-0"]
[Round "6"]
[TimeControl "180+2"]
[Date "2023.07.04"]
[WhiteClock "0:01:38"]
[BlackClock "0:00:00"]
[Board "142"]

1. e4 c5 2. Nf3 a6 3. c4 Nc6 4. Nc3 d6 5. d4 cxd4 6. Nxd4 Nxd4 7. Qxd4 Nf6 8. Be2 g6 9. Be3 Bg7 10. Qd2 O-O 11. O-O Be6 12. Rad1 Qa5 13. b3 Rfc8 14. f3 b5 15. Nd5 Qxd2 16. Rxd2 Bxd5 17. exd5 bxc4 18. Bxc4 Nd7 19. Re2 Bf6 20. Rc1 a5 21. Rec2 a4 22. b4 a3 23. Bb5 Rxc2 24. Rxc2 Ne5 25. Bc6 Rc8 26. b5 e6 27. b6 exd5 28. b7 Rd8 29. Bb6 Rf8 30. Ba7 Nxc6 31. Rxc6 Kg7 32. Rc8 1-0


[Site "https://www.chess.com"]

[Event "Titled Tuesday Blitz July 4 Late 2023"]
[White "Tsukerman, Julia"]
[Black "ChawitAp"]
[WhiteFideId "2621649"]
[WhiteElo "2094"]
[BlackElo "2367"]
[Result "0-1"]
[Round "6"]
[TimeControl "180+2"]
[Date "2023.07.04"]
[WhiteClock "0:00:11"]
[BlackClock "0:01:25"]
[Board "143"]

1. e4 e5 2. Nf3 Nf6 3. Nxe5 Nc6 4. Nxc6 dxc6 5. d3 Bc5 6. Be2 h5 7. c3 Bg4 8. d4 Nxe4 9. Bxg4 hxg4 10. Qe2 Qe7 11. dxc5 O-O-O 12. Be3 g3 13. h3 Rhe8 14. f3 Nf2 15. O-O Qxe3 16. Qxe3 Rxe3 17. Na3 Re2 18. Rab1 Rdd2 19. Nc4 Nxh3+ 20. Kh1 Rxg2 21. Nxd2 Rh2# 0-1


[Site "https://www.chess.com"]